 Dungeon Crawl Stone Soup version 0.31-a0-217-g58bb5d79cf (webtiles) character file.

Game seed: 1470156747666669398

1749 qw the Chopper (level 9, -5/54 HPs)
             Began as a Gargoyle Fighter on July 2, 2023.
             Slain by a gnoll sergeant
             ... wielding a +6 heavy spear
              (6 damage)
             ... on level 8 of the Dungeon.
             The game lasted 00:02:30 (4740 turns).

qw the Chopper (Gargoyle Fighter)                   Turns: 4740, Time: 00:02:31

Health: -5/54      AC: 18    Str: 22      XL:     9   Next: 6%
Magic:  8/8        EV:  5    Int: 13 (14) God:
Gold:   286        SH:  9    Dex:  8      Spells: 8/8 levels left

rFire   . . .        Y - +5 war axe (chaos)
rCold   . . .        g - +0 kite shield
rNeg    + . .        p - +0 plate armour
rPois   inf          r - +0 helmet
rElec   +            (no cloak)
rCorr   .            i - +0 pair of gloves
SInv    .            j - +0 pair of boots
Will    .....        n - amulet of the acrobat Stlth
                     (no ring)
HPRegen 0.29/turn    (no ring)
MPRegen 0.11/turn

%: random rage (3%), acrobat
@: about to teleport, corroded, on berserk cooldown, slowed, very slow
A: sickness immunity, AC +6, negative energy resistance 1, electricity
resistance, torment resistance 1, petrification resistance, berserk 1, clever 1,
low MP 1
a: no special abilities


You were on level 8 of the Dungeon.
You visited 1 branch of the dungeon, and saw 7 of its levels.
You also visited: Sewer.

You collected 286 gold pieces.


Innate Abilities, Weirdness & Mutations

You are immune to sickness and miasma.
Your stone body is resilient. (AC +6)
You are immune to poison.
You resist negative energy. (rN+)
You are resistant to electric shocks. (rElec)
You are resistant to unholy torment.
You are immune to petrification.
You sometimes lose your temper in combat.
Your mind is acute. (Int +4, Str/Dex -1)
Your magical capacity is low. (-10% MP)


   Skills:
 - Level 5.2 Fighting
 - Level 7.1 Axes
 + Level 1.7 Throwing
 - Level 5.1 Armour
 - Level 1.5 Dodging
 - Level 7.0 Shields


You had 8 spell levels left.
You didn't know any spells.
Your spell library was empty.

Inventory:

Hand Weapons
 o - a +4 flail
 Y - a +5 war axe of chaos (weapon)
Missiles
 b - 4 javelins (quivered)
Armour
 g - a +0 kite shield (worn)
 i - a +0 pair of gloves (worn)
 j - a +0 pair of boots (worn)
 p - a +0 plate armour (worn)
 r - a +0 helmet (worn)
Jewellery
 n - an amulet of the acrobat (around neck)
Scrolls
 f - 3 scrolls of identify
Potions
 a - a potion of lignification
 c - a potion of heal wounds {unknown}
 d - 4 potions of might
 e - a potion of curing {unknown}
 k - a potion of brilliance {unknown}
 q - a potion of enlightenment

Dungeon Overview and Level Annotations

Branches:
Dungeon (6/15)              Sewer (visited)
 Temple: D:4-7

Altars:
Elyvilon
Fedhas
Qazlal
Xom
Zin


Message History

The yak gores you but does no damage. You block the yak's attack.
You block the gnoll's attack.
The gnoll sergeant hits you but does no damage.
The yak gores the yak!
The yak gores itself!
The yak is killed!
The yak gores you! x2; The gnoll hits you but does no damage.
You feel your strength returning.
You feel your intelligence returning.
Your Shields skill increases to level 7!
You have reached level 9!
Your experience leads to an increase in your attributes!
Your base attributes are Str 21, Int 10, Dex 9.
Increase (S)trength, (I)ntelligence, or (D)exterity?
You feel stronger. x2
You barely miss the gnoll.
The gnoll is severely wounded.
You barely miss the yak. You hit the yak. You closely miss the gnoll.
The yak barely misses you. x2; The gnoll hits you but does no damage.
The gnoll sergeant hits you but does no damage.
An orc comes into view. It is wielding a +0 club.
The yak gores you. The yak gores you but does no damage.
You block the gnoll's attack.
You hit the gnoll.
You kill the gnoll!
You hit the gnoll.
The gnoll suddenly seems more agile.
You barely miss the yak. You slash the yak! You freeze the yak.
You hit the jelly. You burn the jelly. The acid corrodes you!
Your hands burn!
The gnoll sergeant hits you from afar with a +6 heavy spear.
The yak completely misses you. The yak gores you but does no damage.
You block the jelly's attack. The gnoll hits you but does no damage.
The yak gores you but does no damage. You block the jelly's attack.
The yak gores you but does no damage. The gnoll hits you with a +0 whip.
The yak gores you. You block the gnoll sergeant's attack.
4740 ||| READING scroll of teleportation.
As you read the scroll of teleportation, it crumbles to dust.
You feel strangely unstable. You block the yak's attack.
The yak gores you but does no damage. You block the jelly's attack.
The gnoll hits you but does no damage. The yak gores you.
The gnoll sergeant hits you from afar with a +6 heavy spear.
You die...

#~...##......
#~...$.......
#~...........
#~...........
###+#o...g.......
.....~.!gY...[...
....~..YYYg..#
....~..g@Jg.##.
###~....#.....#
#~)))##.....#
#~....#......
#~.....## <..
#~......# ##
#~......#
~~~~##.....#
...## #....##


You could see 4 yaks, a gnoll sergeant, a jelly, 4 gnolls and an orc.

Vanquished Creatures
  2 yaks (D:8)
  A water moccasin (D:5)
  An ogre (D:4)
  A black bear (D:6)
  2 ice beasts (D:6)
  A centaur (D:5)
  2 bullfrogs
  4 scorpions
  2 wights (D:8)
  A howler monkey (D:8)
  A hound (D:6)
  A jelly (D:8)
  An iguana (D:6)
  An orc wizard (D:4)
  A sleepcap (D:5)
  A gnoll (D:8)
  9 adders
  3 river rats (D:4)
  A shadow imp (D:8)
  A white imp (D:8)
  A worm (D:2)
  2 dart slugs
  16 orcs
  15 endoplasms
  9 giant cockroaches
  8 hobgoblins
  8 kobolds
  11 quokkas
  10 ball pythons
  5 bats
  8 frilled lizards
  8 goblins
  9 rats
147 creatures vanquished.

Vanquished Creatures (others)
  An angel (D:4)
1 creature vanquished.

Grand Total: 148 creatures vanquished

Notes
Turn   | Place    | Note
-------+----------+-------------------------------------------
     0 | D:1      | qw the Gargoyle Fighter began the quest for the Orb.
     0 | D:1      | Reached XP level 1. HP: 14/14 MP: 1/1
     0 | D:1      | 0 ||| qw: Version: 0.3-a-40-ge99b1a8
     0 | D:1      | 0 ||| qw: Game counter: 7963
     0 | D:1      | 0 ||| qw: Melee chars always use a shield: true
     0 | D:1      | 0 ||| qw: God list: Okawaru
     0 | D:1      | 0 ||| qw: Allow faded altars: false
     0 | D:1      | 0 ||| qw: Do Orc after clearing Dungeon:15 true
     0 | D:1      | 0 ||| qw: Do second Lair branch before Depths: true
     0 | D:1      | 0 ||| qw: Lair rune preference: random
     0 | D:1      | 0 ||| qw: Goals: Normal, Zot:1-4, Slime:5, God:TSO, Crypt,
                  | Tomb, Abyss, Pan, Hells, Win
     0 | D:1      | 0 ||| PLANNING D:1-11
    76 | D:1      | 76 ||| FLEEEEING.
    77 | D:1      | 77 ||| FLEEEEING.
    78 | D:1      | 78 ||| FLEEEEING.
   153 | D:1      | Reached XP level 2. HP: 19/19 MP: 2/2
   412 | D:1      | 412 ||| Stepping ~*~*~tactically~*~*~ (hiding).
   414 | D:1      | 414 ||| Stepping ~*~*~tactically~*~*~ (hiding).
   415 | D:1      | 415 ||| Stepping ~*~*~tactically~*~*~ (hiding).
   416 | D:1      | 416 ||| Stepping ~*~*~tactically~*~*~ (hiding).
   417 | D:1      | 417 ||| Stepping ~*~*~tactically~*~*~ (hiding).
   426 | D:1      | Reached skill level 3 in Axes
   619 | D:1      | 619 ||| READING scroll labelled XOJANU NIKH.
   620 | D:1      | 620 ||| READING scroll labelled MESAIG ZEUXZUA.
   621 | D:1      | 621 ||| READING scroll labelled NOOCOWN KAXACH.
   622 | D:1      | 622 ||| DRINKING 2 murky orange potions.
   622 | D:1      | Gained mutation: You are frail. (-10% HP) [potion of
                  | mutation]
   622 | D:1      | Gained mutation: You have sharp fingernails. [potion of
                  | mutation]
   623 | D:1      | 623 ||| DRINKING potion of mutation.
   623 | D:1      | Lost mutation: You have sharp fingernails. [potion of
                  | mutation]
   623 | D:1      | Lost mutation: You are frail. (-10% HP) [potion of
                  | mutation]
   623 | D:1      | Gained mutation: Your magical capacity is low. (-10% MP)
                  | [potion of mutation]
   623 | D:1      | Gained mutation: You sometimes lose your temper in combat.
                  | [potion of mutation]
   623 | D:1      | Gained mutation: Your mind is acute. (Int +4, Str/Dex -1)
                  | [potion of mutation]
   666 | D:2      | Reached XP level 3. HP: 23/23 MP: 2/2
   690 | D:2      | 690 ||| Stepping ~*~*~tactically~*~*~ (stealth).
   812 | D:2      | 812 ||| Stepping ~*~*~tactically~*~*~ (stealth).
   938 | D:2      | 938 ||| Stepping ~*~*~tactically~*~*~ (stealth).
   942 | D:2      | 942 ||| Stepping ~*~*~tactically~*~*~ (stealth).
   944 | D:2      | 944 ||| Stepping ~*~*~tactically~*~*~ (stealth).
  1085 | D:2      | 1085 ||| Stepping ~*~*~tactically~*~*~ (stealth).
  1087 | D:2      | 1087 ||| Stepping ~*~*~tactically~*~*~ (stealth).
  1094 | D:2      | Reached XP level 4. HP: 26/28 MP: 3/3
  1103 | D:2      | 1103 ||| Stepping ~*~*~tactically~*~*~ (stealth).
  1251 | D:2      | Found a faded altar of an unknown god.
  1434 | D:2      | 1434 ||| UPGRADING to +0 kite shield.
  1444 | D:2      | 1444 ||| DROPPING +0 buckler.
  1445 | D:2      | 1445 ||| READING scroll labelled CUATOE ISEATUK.
  1445 | D:2      | Identified a scroll of acquirement
  1445 | D:2      | 1445 ||| ACQUIRING +3 war axe of electrocution
  1445 | D:2      | Acquired a +3 war axe of electrocution
  1447 | D:2      | 1447 ||| SWAPPING to +3 war axe of electrocution.
  1448 | D:2      | 1448 ||| DROPPING +0 heavy war axe.
  1449 | D:2      | 1449 ||| READING scroll labelled XOETHI ZOPNAWN.
  1450 | D:2      | 1450 ||| READING scroll labelled QAEFUN INWA.
  1486 | D:3      | 1486 ||| DROPPING +0 club.
  1668 | D:3      | 1668 ||| Stepping ~*~*~tactically~*~*~ (stealth).
  2013 | D:3      | 2013 ||| READING scroll labelled LECOPP GITACW.
  2014 | D:3      | 2014 ||| READING scroll labelled NIONTE OVOI.
  2026 | D:4      | 2026 ||| PLANNING SEWER
  2043 | D:4      | Noticed a scorpion
  2043 | D:4      | Noticed an ogre
  2051 | D:4      | Killed an ogre
  2052 | D:4      | Reached XP level 5. HP: 21/32 MP: 4/4
  2061 | D:4      | HP: 6/32 [scorpion (5)]
  2065 | D:4      | Reached XP level 6. HP: 8/37 MP: 5/5
  2102 | D:4      | 2102 ||| FLEEEEING.
  2103 | D:4      | 2103 ||| FLEEEEING.
  2104 | D:4      | 2104 ||| FLEEEEING.
  2105 | D:4      | 2105 ||| FLEEEEING.
  2106 | D:4      | 2106 ||| FLEEEEING.
  2107 | D:4      | 2107 ||| FLEEEEING.
  2108 | D:4      | 2108 ||| FLEEEEING.
  2109 | D:4      | 2109 ||| STAIRDANCE
  2186 | D:4      | 2186 ||| DROPPING +0 mace.
  2274 | D:4      | Found a glowing silver altar of Zin.
  2274 | D:4      | Noticed an angel
  2280 | D:4      | Found a shimmering altar of Xom.
  2294 | D:4      | Killed an angel
  2302 | D:4      | 2302 ||| Stepping ~*~*~tactically~*~*~ (hiding).
  2303 | D:4      | 2303 ||| Stepping ~*~*~tactically~*~*~ (hiding).
  2422 | D:4      | 2422 ||| Stepping ~*~*~tactically~*~*~ (stealth).
  2569 | D:4      | Found a glowing drain.
  2570 | D:4      | 2570 ||| Stepping ~*~*~tactically~*~*~ (water).
  2574 | D:4      | 2574 ||| UPGRADING to +0 pair of gloves.
  2579 | D:4      | 2579 ||| UPGRADING to +0 pair of boots.
  2584 | D:4      | 2584 ||| DROPPING +6 ring of intelligence.
  2585 | D:4      | 2585 ||| READING scroll labelled UNYSTR OXAI.
  2591 | Sewer    | Entered a sewer
  2618 | Sewer    | 2618 ||| Stepping ~*~*~tactically~*~*~ (water).
  2632 | Sewer    | 2632 ||| Stepping ~*~*~tactically~*~*~ (water).
  2658 | Sewer    | 2658 ||| Stepping ~*~*~tactically~*~*~ (water).
  2685 | Sewer    | 2685 ||| Stepping ~*~*~tactically~*~*~ (stealth).
  2691 | Sewer    | 2691 ||| Stepping ~*~*~tactically~*~*~ (water).
  2802 | Sewer    | 2802 ||| Stepping ~*~*~tactically~*~*~ (water).
  2827 | Sewer    | 2827 ||| Stepping ~*~*~tactically~*~*~ (water).
  2834 | Sewer    | 2834 ||| Stepping ~*~*~tactically~*~*~ (water).
  2840 | Sewer    | 2840 ||| Stepping ~*~*~tactically~*~*~ (water).
  2886 | Sewer    | 2886 ||| Stepping ~*~*~tactically~*~*~ (water).
  2895 | Sewer    | 2895 ||| Stepping ~*~*~tactically~*~*~ (water).
  3062 | Sewer    | Reached XP level 7. HP: 43/43 MP: 6/6
  3068 | Sewer    | Identified the +4 short sword "Xemoihim" {flame, rC+ MP+9}
  3070 | Sewer    | 3070 ||| READING scroll labelled FONEIR DIASSE.
  3085 | D:4      | 3085 ||| PLANNING D:1-11
  3138 | D:4      | Found a stormy altar of Qazlal.
  3351 | D:5      | Entered Level 5 of the Dungeon
  3464 | D:5      | Reached skill level 6 in Axes
  3566 | D:5      | 3566 ||| DROPPING +0 flail.
  3649 | D:5      | Reached skill level 6 in Shields
  3865 | D:5      | 3865 ||| READING scroll of enchant weapon.
  3865 | D:5      | 3865 ||| ENCHANTING +4 war axe of electrocution.
  3888 | D:5      | Reached skill level 1 in Dodging
  3910 | D:5      | Found a white marble altar of Elyvilon.
  4029 | D:5      | Found a blossoming altar of Fedhas.
  4245 | D:5      | Reached XP level 8. HP: 48/48 MP: 7/7
  4354 | D:5      | 4354 ||| DROPPING +0 leather armour of cold resistance.
  4355 | D:5      | 4355 ||| UPGRADING to +0 plate armour.
  4365 | D:5      | 4365 ||| DROPPING +0 scale mail.
  4366 | D:5      | 4366 ||| UPGRADING to +0 helmet.
  4371 | D:5      | 4371 ||| UPGRADING to amulet of the acrobat.
  4376 | D:5      | 4376 ||| READING scroll labelled HULEDO NIAMENO.
  4377 | D:5      | 4377 ||| DRINKING 2 green potions.
  4378 | D:5      | 4378 ||| DRINKING 2 silvery potions.
  4386 | D:5      | 4386 ||| DRINKING 2 coppery potions.
  4387 | D:5      | 4387 ||| READING 2 scrolls of identify.
  4387 | D:5      | 4387 ||| IDENTIFYING murky puce potion
  4388 | D:5      | 4388 ||| DROPPING potion of degeneration.
  4389 | D:5      | 4389 ||| DROPPING potion of ambrosia.
  4427 | D:6      | 4427 ||| READING scroll of brand weapon.
  4427 | D:6      | 4427 ||| BRANDING +5 war axe of electrocution.
  4509 | D:6      | Reached skill level 1 in Throwing
  4704 | D:6      | You fall into a shaft and drop 2 floors!
  4724 | D:8      | Noticed a yak
  4729 | D:8      | Noticed a yak
  4729 | D:8      | Noticed a yak
  4730 | D:8      | Noticed a yak
  4730 | D:8      | Noticed a yak
  4731 | D:8      | Noticed a yak
  4733 | D:8      | Killed a yak
  4737 | D:8      | Killed a yak
  4738 | D:8      | Reached XP level 9. HP: 19/54 MP: 8/8
  4739 | D:8      | HP: 11/54 [gnoll sergeant/+6 heavy spear (5)]
  4740 | D:8      | 4740 ||| READING scroll of teleportation.
  4740 | D:8      | HP: 1/54 [yak (5)]
  4740 | D:8      | Slain by a gnoll sergeant

Levels and vault maps discovered:
D:1:      dpeg_arrival_three_bigger_balls, layout_rooms,
          hangedman_decor_clover_reticule
D:2:      layout_rooms, dreamdust_ecumenical_altar_angels_and_demons,
          eino_curves_03
D:3:      layout_rooms
D:4:      layout_cave_pools, grunt_temple_overflow_order_and_chaos_1,
          grunt_qazlal_clouds, serial_park, serial_park_fountain,
          serial_park_gazebo [serial_park_minivault_5x5_6], serial_park_tiny_1,
          serial_park_tiny_pond, portal_sewer_entry_e,
          chequers_serial_rivers_small_3
D:5:      layout_cave_pods, lemuel_crystal_altar, fedhas_ov_isle_minmay,
          minmay_misc_feat_alley, kennysheep_cluttered_room, st_stairs_11
D:6:      layout_rooms, nicolae_the_louvre, uniq_menkaure
D:8:      cheibrodos_ideogram_h, layout_cave_pools, minmay_lair_entry_grove,
          uniq_pikel

Skill      XL: |  1  2  3  4  5  6  7  8 |
---------------+-------------------------+-----
Axes           | 2 3 4 5 6 7 |  7.1
Shields        | 5 6 7 |  7.0
Fighting       | 4 5 |  5.2
Dodging        | 1 |  1.5
Armour         | 5 |  5.1
Throwing       | 1 |  1.7

Action                     |  1- 3 |  4- 6 |  7- 9 || total
---------------------------+-------+-------+-------++-------
  Melee: War axe           |   102 |   134 |    84 ||   320
  Throw: Boomerang         |       |    56 |       ||    56
         Javelin           |       |       |    11 ||    11
    Use: Scroll            |     3 |     6 |     6 ||    15
         Potion            |     2 |       |     3 ||     5
 Armour: Scale mail        |    62 |    65 |    21 ||   148
         Plate armour      |       |       |    49 ||    49
  Dodge: Dodged            |    38 |    36 |    29 ||   103
  Block: Buckler           |    21 |     3 |       ||    24
         Kite shield       |       |    39 |    50 ||    89

Table legend:
 A = Non-vault XP
 B = Vault XP
 C = Vault XP percentage of total XP
 D = Non-vault monster count
 E = Vault monster count
 F = Vault count percentage of total count
                 A         B        C        D         E       F
            +---------+---------+-------+---------+---------+-------
      Total |    2003 |     496 |  19.8 |      95 |      52 |  35.4
            +---------+---------+-------+---------+---------+-------
        D:1 |      33 |       0 |   0.0 |      22 |       0 |   0.0
        D:2 |      66 |       0 |   0.0 |      16 |       0 |   0.0
        D:3 |      28 |       0 |   0.0 |      13 |       0 |   0.0
        D:4 |     308 |      45 |  12.7 |      25 |       8 |  24.2
        D:5 |     612 |      16 |   2.5 |       9 |       2 |  18.2
        D:6 |     524 |       0 |   0.0 |       6 |       0 |   0.0
        D:8 |     432 |     261 |  37.7 |       4 |       6 |  60.0
      Sewer |       0 |     174 | 100.0 |       0 |      36 | 100.0
            +---------+---------+-------+---------+---------+-------
